 Dungeon Crawl Stone Soup version 0.26.1-2-gb8aa6d0cf2 (webtiles) character file.

Game seed: 13198816073759572762

261 McIrco the Chopper (level 5, -1/47 HPs)
             Began as a Minotaur Fighter on Mar 30, 2021.
             Slain by Duvessa
             ... wielding a +1 antimagic short sword
              (3 damage)
             ... on level 5 of the Dungeon.
             The game lasted 00:04:24 (2184 turns).

McIrco the Chopper (Minotaur Fighter)               Turns: 2184, Time: 00:04:24

Health: -1/47      AC: 11    Str: 21    XL:     5   Next: 96%
Magic:  0/4        EV:  8    Int:  5    God:
Gold:   119        SH: 10    Dex: 10    Spells: 4/4 levels left

rFire    . . .     SeeInvis .   a - +0 war axe
rCold    . . .     Faith    .   c - +1 kite shield
rNeg     . . .     Spirit   .   b - +0 scale mail
rPois    .         Reflect  .   (helmet restricted)
rElec    .         Harm     .   (no cloak)
rCorr    .         Rampage  .   (no gloves)
Will     +....                  (no boots)
Stlth    ..........             (no amulet)
HPRegen  0.15/turn              e - ring of willpower
MPRegen  0.09/turn              f - +4 ring of protection

@: mighty, attractive
A: retaliatory headbutt, horns 2
a: no special abilities


You were on level 5 of the Dungeon.
You visited 1 branch of the dungeon, and saw 4 of its levels.

You collected 119 gold pieces.

Inventory:

Hand Weapons
 a - a +0 war axe (weapon)
Armour
 b - a +0 scale mail (worn)
 c - a +1 kite shield (worn)
 q - a +0 plate armour
Jewellery
 e - a ring of willpower (left hand)
 f - a +4 ring of protection (right hand)
 o - an uncursed ring of stealth
Wands
 t - a wand of random effects (15)
Scrolls
 h - a scroll of enchant armour
 i - 3 scrolls of remove curse
 l - a scroll of blinking
 m - a scroll of teleportation
Potions
 g - a potion of lignification {unknown}
 j - a potion of attraction
 k - 2 potions of curing {unknown}
 n - a potion of flight {unknown}
 s - a potion of haste {unknown}
 u - 2 potions of heal wounds {unknown}
 v - a potion of cancellation {unknown}


   Skills:
 + Level 4.5 Fighting
 + Level 5.3 Axes
 + Level 4.4 Armour
 + Level 1.4 Dodging
 + Level 4.9 Shields


You had 4 spell levels left.
You didn't know any spells.
Your spell library was empty.

Dungeon Overview and Level Annotations

Branches:
Dungeon (3/15)

Altars:
Nemelex Xobeh

Shops:
D:5 ?

Portals:
Sewer: D:5

Annotations:
D:5 Duvessa


Innate Abilities, Weirdness & Mutations

You reflexively headbutt those who attack you in melee.
You have a pair of horns on your head.


Message History

Duvessa is heavily wounded.
You block Duvessa's attack.
Duvessa hits you with a +1 antimagic short sword!
You slash Duvessa! You headbutt Duvessa.
Duvessa is almost dead.
You block Duvessa's attack.
Duvessa hits you with a +1 antimagic short sword.
You hit Duvessa.
Duvessa is almost dead.
You block Duvessa's attack. Duvessa barely misses you.
You closely miss Duvessa. Your headbutt misses Duvessa.
Duvessa is almost dead.
Duvessa hits you with a +1 antimagic short sword.
* * * LOW HITPOINT WARNING * * *
Duvessa hits you with a +1 antimagic short sword!
* * * LOW HITPOINT WARNING * * *
It was a potion of attraction.
You feel attractive to monsters.
Duvessa hits you with a +1 antimagic short sword.
You die...

*,***,**
*,*****,*,**** *,**
*,*,,,*
*,........(.,* *,**
*,*,***
**#..#######,* *,**
*,*,* ##..#≈≈≈≈≈#,*
*,* *,*,*
#...#B≈∩≈≈+,* *,*
*,*,**###
#...#BS≈≈≈#,*****,*
*<*,,,..#
#...#######,,,,,,,**
*,****#.#
#..........,,****,,,
*,* #.#
#..@e.#******* ****
*,* #.# ###.#####
*,* #.# #...# *,*
#.# #.### *,* #.#
#.# *,* #.# #.# *,*
#.# #.# **********
*,* #.# #.#
*****,,,,,,,,** *,*
#.# #.#
*,,,,,,,***,,,,


You could see Duvessa (berserk), an adder and 2 giant cockroaches.

Vanquished Creatures
  A water moccasin skeleton (D:5)
  Dowan (D:5)
  6 adders
  2 worms
  4 dart slugs
  2 leopard geckos
  11 bats
  5 giant cockroaches
  14 goblins
  7 hobgoblins
  16 jackals
  A quokka (D:2)
  3 frilled lizards
  9 kobolds
  7 rats
89 creatures vanquished.

Notes
Turn   | Place    | Note
-------+----------+-------------------------------------------
     0 | D:1      | McIrco the Minotaur Fighter began the quest for the Orb.
     0 | D:1      | Reached XP level 1. HP: 19/19 MP: 0/0
    74 | D:1      | Reached XP level 2. HP: 24/27 MP: 1/1
   416 | D:1      | Reached skill level 3 in Axes
   447 | D:1      | Reached XP level 3. HP: 33/33 MP: 2/2
   658 | D:2      | Reached XP level 4. HP: 23/40 MP: 3/3
   980 | D:2      | Reached skill level 4 in Axes
  1224 | D:2      | Reached skill level 1 in Dodging
  1358 | D:2      | Found a sparkling altar of Nemelex Xobeh.
  1602 | D:3      | Reached XP level 5. HP: 47/47 MP: 4/4
  2130 | D:3      | You fall into a shaft and drop 2 floors!
  2130 | D:5      | Entered Level 5 of the Dungeon
  2141 | D:5      | Found Ongaixac's Magic Scroll Shoppe.
  2150 | D:5      | Noticed Dowan
  2155 | D:5      | Killed Dowan
  2156 | D:5      | Reached skill level 5 in Axes
  2173 | D:5      | Found a glowing drain.
  2174 | D:5      | Noticed Duvessa
  2183 | D:5      | HP: 2/47 [Duvessa/+1 antimagic short sword (9)]
  2184 | D:5      | Slain by Duvessa

Illustrated notes

Levels and vault maps discovered:
D:1:      dpeg_arrival_short_road, layout_basic, grunt_decor_cap,
          minmay_misc_feat_rows, hangedman_decor_riveting
D:2:      minmay_door_path, layout_rooms, nemelex_altar_shiori
D:3:      layout_basic
D:5:      layout_loops_ring, gup_sewer_entry_glass, serial_shops,
          nicolae_shop_waterfront, uniq_pikel, uniq_duvessa,
          uniq_crazy_yiuf_cottage

Skill      XL: |  1  2  3  4  5 |
---------------+----------------+-----
Shields        | 4 |  4.9
Fighting       | 4 |  4.5
Axes           | 3 4 5 |  5.3
Armour         | 4 |  4.4
Dodging        | 1 |  1.4

Action                   |  1- 3 |  4- 6 || total
-------------------------+-------+-------++-------
Melee: War axe           |    68 |   120 ||   188
       Headbutt          |    11 |    14 ||    25
  Use: Scroll            |       |     6 ||     6
       Potion            |       |     2 ||     2
Armor: Scale mail        |    55 |    57 ||   112
Dodge: Dodged            |    35 |    37 ||    72
Block: Kite shield       |    62 |    58 ||   120
